 Dungeon Crawl Stone Soup version 0.28.0 (webtiles) character file.

Game seed: 5265079376303509143

54 Ajdolov the Chopper (level 4, -1/35 HPs)
             Began as a Formicid Fighter on Feb 15, 2022.
             Slain by a gnoll (6 damage)
             ... on level 3 of the Dungeon.
             The game lasted 00:02:45 (1830 turns).

Ajdolov the Chopper (Formicid Fighter)              Turns: 1830, Time: 00:02:46

Health: -1/35      AC: 12    Str: 23    XL:     4   Next: 12%
Magic:  0/4        EV:  6    Int:  7    God:
Gold:   105        SH:  4    Dex: 10    Spells: 3/3 levels left

rFire   . . .      SeeInvis +   a - +0 war axe
rCold   + . .      Faith    .   c - +0 buckler
rNeg    . . .      Spirit   +   f - +0 plate armour
rPois   .          Reflect  .   (helmet unavailable)
rElec   .          Harm     .   (no cloak)
rCorr   .          Rampage  .   (no gloves)
Will    .....                   i - +0 pair of boots
Stlth   ..........              e - amulet of guardian spirit
HPRegen 0.11/turn               m - ring of protection from cold
MPRegen 0.09/turn               (no ring)

@: no status effects
A: permanent stasis, dig shafts and tunnels, antennae 3, four strong arms
a: Dig, Shaft Self


You were on level 3 of the Dungeon.
You visited 1 branch of the dungeon, and saw 3 of its levels.

You collected 105 gold pieces.

Inventory:

Hand Weapons
 a - a +0 war axe (weapon)
Armour
 c - a +0 buckler (worn)
 f - a +0 plate armour (worn)
 i - a +0 pair of boots (worn)
Jewellery
 e - an amulet of guardian spirit (around neck)
 m - a ring of protection from cold (left hand)
Scrolls
 g - 2 scrolls of brand weapon {unknown}
 j - 5 scrolls of identify {unknown}
 k - a scroll of enchant weapon {unknown}
 l - a scroll of noise {unknown}
 n - a scroll of amnesia {unknown}
 o - 5 scrolls of magic mapping {unknown}
 p - 2 scrolls of teleportation {unknown}
 q - a scroll of fear {unknown}
 s - a scroll of enchant armour {unknown}
Potions
 b - a potion of lignification {unknown}
 d - a potion of might
 h - a potion of heal wounds {unknown}
 r - a potion of curing {unknown}


   Skills:
 - Level 3.2 Fighting
 * Level 4.1 Axes
 - Level 3.2 Armour
 - Level 3.6 Shields


You had 3 spell levels left.
You didn't know any spells.
Your spell library contained the following spells:

 Spells                   Type           Power      Damage    Failure   Level
 Inner Flame              Hex/Fire       0%         N/A       100%        3
 Cause Fear               Hex            0%         N/A       100%        4
 Discord                  Hex            0%         N/A       100%        8


Dungeon Overview and Level Annotations

Branches:
Dungeon (3/15)

Altars:
Cheibriados
Yredelemnul

Shops:
D:1 *


Innate Abilities, Weirdness & Mutations

You cannot be hasted, slowed, berserked, paralysed or teleported.
You can dig through walls and to a lower floor.
You have a pair of large antennae on your head. (SInv)
Your four strong arms can wield two-handed weapons with a shield.


Message History

The gnoll enters a dispersal trap!
You feel a strange sense of stasis.
The gnoll blinks!
The gnoll hits you but does no damage.
You hit the gnoll.
The gnoll is heavily wounded.
The gnoll barely misses you. x2
You closely miss the gnoll.
The gnoll is heavily wounded.
You block the gnoll's attack. The gnoll closely misses you.
You block the gnoll's attack.
You hit the gnoll.
The gnoll is almost dead.
The gnoll hits you but does no damage. The gnoll hits you with a +0 halberd.
You closely miss the gnoll.
The gnoll is almost dead.
The gnoll barely misses you. The gnoll hits you with a +0 halberd.
The gnoll barely misses you.
You barely miss the gnoll.
The gnoll is almost dead.
The gnoll hits you but does no damage. You block the gnoll's attack.
The gnoll hits you but does no damage.
You hit the gnoll but do no damage.
The gnoll is almost dead.
The gnoll hits you from afar with a +0 halberd.
The gnoll hits you but does no damage.
You barely miss the gnoll.
The gnoll is almost dead.
You block the gnoll's attack. x3
You slash the gnoll!
You kill the gnoll!
The gnoll hits you from afar with a +0 halberd!
Your Axes skill increases to level 4!
You have reached level 4!
You feel stronger. The gnoll closely misses you.
You barely miss the gnoll. The gnoll barely misses you.
The gnoll hits you with a +0 halberd!
* * * LOW HITPOINT WARNING * * *
You closely miss the gnoll. The gnoll hits you with a +0 halberd!
You die...

........####....#.#.####.#...
......................gg^..gg
...........#....#)######g####
...........#....#.#
...........#....#.#
...........#....#.#
...........#....#.#
...........#....#g###+#####
#..#######.#....@......... ##.#
#####'#####.........# #.#
#.......(.#.........######
#.###.........##.##..........#
#..##.........##.##..........###
##.##................)..........
#..#...........≈≈≈≈..PPPP.._..P
##.#...........................
#.#.........#.###..........###


You could see a gnoll.

Vanquished Creatures
  2 adders
  A gnoll (D:3)
  A dart slug (D:2)
  An orc (D:3)
  3 endoplasms
  2 goblins
  3 hobgoblins
  2 ball pythons (D:1)
  2 bats
  2 frilled lizards
  3 kobolds
  5 rats
27 creatures vanquished.

Notes
Turn   | Place    | Note
-------+----------+-------------------------------------------
     0 | D:1      | Ajdolov the Formicid Fighter began the quest for the Orb.
     0 | D:1      | Reached XP level 1. HP: 18/18 MP: 1/1
    31 | D:1      | Found a faded altar of an unknown god.
   212 | D:1      | Found Tuyhimm's General Store.
   224 | D:1      | Reached XP level 2. HP: 23/24 MP: 2/2
   508 | D:2      | Reached skill level 3 in Axes
   578 | D:2      | Reached XP level 3. HP: 29/29 MP: 3/3
   661 | D:2      | Found a basalt altar of Yredelemnul.
  1411 | D:3      | Found a snail-covered altar of Cheibriados.
  1822 | D:3      | Reached skill level 4 in Axes
  1822 | D:3      | Reached XP level 4. HP: 13/35 MP: 0/4
  1830 | D:3      | Slain by a gnoll

Illustrated notes

Levels and vault maps discovered:
D:1:      lightli_molten_gateway, layout_basic, basic_ecumenical_altar,
          serial_shops, shop
D:2:      layout_loops_ring, basic_altar
D:3:      layout_basic, bloody_makhleb, mainiacjoe_overflow_boulevard

Skill      XL: |  1  2  3 |
---------------+----------+-----
Axes           | 3 4 |  4.1
Fighting       | |  3.2
Armour         | |  3.2
Shields        | |  3.6

Action                   |  1- 3 |  4- 6 || total
-------------------------+-------+-------++-------
Melee: War axe           |    79 |     2 ||    81
Armor: Scale mail        |    13 |       ||    13
       Plate armour      |    32 |       ||    32
Dodge: Dodged            |    28 |     2 ||    30
Block: Buckler           |    24 |       ||    24
